 Dungeon Crawl Stone Soup version 0.27-a0-1065-ge809cff456 (webtiles) character file.

Game seed: 6444748761947299405

3311 lkmfv the Geomancer (level 10, -2/51 HPs)
             Began as a Gargoyle Earth Elementalist on Apr 23, 2021.
             Was a Believer of Vehumet.
             Slain by an orc warlord
             ... wielding a +2 broad axe
              (27 damage)
             ... in a bailey.
             The game lasted 00:15:41 (9169 turns).

lkmfv the Geomancer (Gargoyle Earth Elementalist)   Turns: 9169, Time: 00:15:42

Health: -2/51      AC: 12    Str: 12    XL:     10   Next: 1%
Magic:  20/20      EV: 12    Int: 25    God:    Vehumet [**....]
Gold:   223        SH:  0    Dex: 10    Spells: 8/22 levels left

rFire    . . .     SeeInvis .   w - +2 dagger (venom)
rCold    . . .     Faith    .   (no shield)
rNeg     + . .     Spirit   .   c - +0 robe
rPois    ∞         Reflect  .   (no helmet)
rElec    +         Harm     .   j - +1 cloak
rCorr    .         Rampage  .   g - +0 pair of gloves
Will     .....                  (no boots)
Stlth    ++........             (no amulet)
HPRegen  0.17/turn              t - ring of wizardry
MPRegen  0.17/turn              u - +6 ring of intelligence

@: mighty, about to teleport
A: AC +7, negative energy resistance 1, electricity resistance, torment
resistance 1, unbreathing 1, petrification resistance
a: Renounce Religion


You were in a bailey.
You worshipped Vehumet.
Vehumet was pleased with you.
You visited 1 branch of the dungeon, and saw 7 of its levels.
You also visited: Sewer and Bailey.

You collected 283 gold pieces.
You spent 60 gold pieces at shops.

Inventory:

Hand Weapons
 k - a +1 morningstar
 s - a +4 dagger
 w - a +2 dagger of venom (weapon)
 x - a +0 flail
Missiles
 b - 97 stones
Armour
 c - a +0 robe (worn)
 g - a +0 pair of gloves (worn)
 j - a +1 cloak (worn)
Jewellery
 t - a ring of wizardry (left hand)
 u - a +6 ring of intelligence (right hand)
Wands
 a - a wand of polymorph (5)
 p - a wand of iceblast (10)
 r - a wand of flame (16)
Potions
 d - 2 potions of cancellation
 e - a potion of haste {unknown}
 f - a potion of ambrosia {unknown}
 h - a potion of resistance
 i - a potion of attraction {unknown}
 l - 3 potions of heal wounds
 m - a potion of might
 o - 2 potions of magic
 q - 3 potions of flight
 v - 2 potions of curing


   Skills:
 + Level 0.3 Fighting
 + Level 0.3 Maces & Flails
 + Level 0.3 Armour
 + Level 1.6 Dodging
 - Level 2.1 Stealth
 + Level 6.8 Spellcasting
 + Level 7.3 Conjurations
 - Level 0.7 Transmutations
 + Level 5.9 Fire Magic
 + Level 9.4 Earth Magic
 + Level 0.2 Evocations


You had 8 spell levels left.
You knew the following spells:

 Your Spells              Type           Power      Damage    Failure   Level
a - Sandblast             Erth           100%       2d20      1%          1
b - Stone Arrow           Conj/Erth      100%       3d13      1%          3
c - Lee's Rapid Deconstr  Erth           26%        3d15*     1%          5
d - Fireball              Conj/Fire      20%        3d10      4%          5

Your spell library contained the following spells:

 Spells                   Type           Power      Damage    Failure   Level
 Freeze                   Ice            32%        1d5       2%          1
 Foxfire                  Conj/Fire      100%       2x1d9     1%          1
 Passwall                 Tmut/Erth      27%        N/A       1%          2
 Conjure Flame            Conj/Fire      41%        6-21      1%          3
 Sticky Flame             Conj/Fire      41%        2d6       1%          4
 Inner Flame              Hex/Fire       23%        N/A       2%          3
 Petrify                  Tmut/Erth      33%        N/A       3%          4


Dungeon Overview and Level Annotations

Branches:
Dungeon (7/15)              Sewer (visited)          Bailey (1/1)
 Temple: D:4-7

Altars:
Ashenzari
Dithmenos
Gozag
Makhleb
Nemelex Xobeh
Vehumet
Wu Jian
The Shining One

Shops:
D:1 [   D:6 *


Innate Abilities, Weirdness & Mutations

Your stone body is resilient. (AC +7)
You are immune to poison.
You resist negative energy. (rN+)
You are resistant to electric shocks. (rElec)
You are resistant to unholy torment.
You can survive without breathing.
You are immune to petrification.


Message History

Press: ? - help, Shift-Dir - straight line, f/p - orc warlord
Aim: an orc warlord, wielding a +2 broad axe, wearing a +3 chain mail and wearing a +0 kite shield (lightly wounded, poisoned)
The mass of ice explodes!
The iceblast engulfs the orc warlord!
The orc warlord is moderately wounded.
You hear a shout!
Aiming: Iceblast
Press: ? - help, Shift-Dir - straight line, f/p - orc warlord
Aim: an orc warlord, wielding a +2 broad axe, wearing a +3 chain mail and wearing a +0 kite shield (moderately wounded, poisoned) That beam is likely to hit you.
Continue anyway? [Y]es or [N]o only, please.
That beam is likely to hit you.
Continue anyway? [Y]es or [N]o only, please.
That beam is likely to hit you.
Continue anyway?
Okay, then.
Unknown command.
You hit the orc warlord.
The orc warlord is moderately wounded.
The orc warlord hits you with a +2 broad axe.
A hobgoblin comes into view. It is wielding a +0 hand axe.
The orc warlord blocks your attack.
The orc warlord is moderately wounded.
The orc warlord looks more healthy.
The orc warlord closely misses you.
Unknown command.
The orc warlord blocks your attack.
The orc warlord is moderately wounded.
The hobgoblin shouts!
The orc warlord barely misses you. The orc warlord blocks your attack.
The orc warlord is moderately wounded.
The orc warlord hits you with a +2 broad axe!
Unknown command.
As you read the scroll of teleportation, it crumbles to dust.
You feel strangely unstable.
The orc warlord hits you with a +2 broad axe!
* * * LOW HITPOINT WARNING * * *
Unknown command.
You feel much better.
The orc warlord hits you with a +2 broad axe!!
Ouch! That really hurt!
You die...

#.... #.... #....
#.... #.... ♣♣♣♣
###)[. ♣♣♣..♣♣♣
###.#)#.
♣....♣.♣###...))##
♣♣@o....##..).)....
♣♣.......#..o)......
♣........'...)......
♣♣..∩.g..'..)).⌠.)..
♣........'......)...
♣........#......)...
♣♣♣......##.........
♣....♣.♣###...[[##
♣♣...♣♣♣ ###.#'#.


You could see an orc warlord and a hobgoblin.

Vanquished Creatures
  A water nymph (Bailey)
  A wind drake (Bailey)
  Prince Ribbit (D:6)
  Sigmund (D:3)
  A water moccasin (D:6)
  5 orc warriors
  Purgy (Sewer)
  An ice beast (D:6)
  An ogre (D:5)
  A phantom (D:7)
  2 centaurs
  2 kobold brigands
  3 bullfrogs
  2 scorpions (D:4)
  2 water moccasin skeletons (D:5)
  A jelly (D:6)
  5 hounds
  4 orc priests
  A gnoll shaman (D:7)
  A centaur skeleton (D:7)
  An orc wizard (D:5)
  2 iguanas
  Natasha (thrice) (D:4)
  A scorpion zombie (D:5)
  A hound zombie (D:5)
  A hound skeleton (D:4)
  2 adders
  10 gnolls
  A white imp (D:5)
  3 worms
  A dart slug (D:4)
  34 orcs
  6 ball pythons
  10 endoplasms
  3 giant cockroaches
  18 goblins
  19 hobgoblins
  3 jackals (D:1)
  18 kobolds
  4 quokkas
  2 bats (D:1)
  7 frilled lizards
  8 rats
195 creatures vanquished.

Notes
Turn   | Place    | Note
-------+----------+-------------------------------------------
     0 | D:1      | lkmfv the Gargoyle Earth Elementalist began the quest for
                  | the Orb.
     0 | D:1      | Reached XP level 1. HP: 10/10 MP: 3/3
   359 | D:1      | Reached skill level 4 in Earth Magic
   359 | D:1      | Reached XP level 2. HP: 10/15 MP: 1/5
   516 | D:1      | Found Pehuiniz's Armour Shop.
   563 | D:1      | Reached XP level 3. HP: 7/19 MP: 0/6
   765 | D:1      | Learned a level 3 spell: Stone Arrow
  1850 | D:2      | Found a faded altar of an unknown god.
  1925 | D:2      | You fall into a shaft and drop 2 floors!
  1950 | D:4      | Noticed a scorpion
  1964 | D:4      | Killed a scorpion
  1965 | D:4      | Reached skill level 1 in Conjurations
  1965 | D:4      | Reached skill level 5 in Earth Magic
  1965 | D:4      | Reached XP level 4. HP: 9/24 MP: 0/8
  2204 | D:4      | Reached XP level 5. HP: 28/28 MP: 9/9
  2210 | D:4      | Learned a level 5 spell: Lee's Rapid Deconstruction
  2466 | D:4      | Noticed a centaur
  2470 | D:4      | Killed a centaur
  2566 | D:3      | Reached XP level 6. HP: 29/32 MP: 5/11
  2677 | D:3      | Found a sparkling altar of Nemelex Xobeh.
  2721 | D:3      | Found a glowing drain.
  2744 | Sewer    | Entered a sewer
  2775 | Sewer    | Noticed Purgy
  2781 | Sewer    | Killed Purgy
  2782 | Sewer    | Reached skill level 6 in Earth Magic
  3705 | D:3      | Noticed Sigmund
  3814 | D:3      | Killed Sigmund
  3815 | D:3      | Reached XP level 7. HP: 36/36 MP: 6/13
  4009 | D:4      | Noticed Natasha
  4014 | D:4      | Killed Natasha
  4539 | D:4      | Noticed Natasha
  4542 | D:4      | Killed Natasha
  4624 | D:4      | Noticed Natasha
  4633 | D:4      | Killed Natasha
  4786 | D:4      | Found an ornate altar of the Wu Jian Council.
  4872 | D:5      | Entered Level 5 of the Dungeon
  4888 | D:5      | Found a broken altar of Ashenzari.
  4910 | D:5      | Found a radiant altar of Vehumet.
  4921 | D:5      | Became a worshipper of Vehumet
  4936 | D:5      | Reached skill level 5 in Spellcasting
  4936 | D:5      | Reached skill level 7 in Earth Magic
  4940 | D:5      | Reached XP level 8. HP: 11/41 MP: 10/15
  5259 | D:5      | Reached skill level 5 in Conjurations
  5348 | D:5      | Found a glowing golden altar of the Shining One.
  5518 | D:5      | Found a shadowy altar of Dithmenos.
  5626 | D:5      | Found an opulent altar of Gozag.
  6368 | D:6      | Found Tuvej's General Store.
  6377 | D:6      | Bought a scroll of identify for 20 gold pieces
  6377 | D:6      | Bought a potion of might for 40 gold pieces
  6495 | D:6      | Reached skill level 8 in Earth Magic
  6793 | D:6      | Noticed Prince Ribbit
  6797 | D:6      | Killed Prince Ribbit
  6815 | D:6      | Reached XP level 9. HP: 31/45 MP: 4/18
  7398 | D:6      | Found a burning altar of Makhleb.
  7485 | D:7      | Reached skill level 9 in Earth Magic
  7496 | D:7      | Reached * piety under Vehumet
  7496 | D:7      | Offered knowledge of Shock by Vehumet.
  7717 | D:7      | Identified the +4 arbalest "Akebomar" {penet, MP+9}
  7717 | D:7      | Identified the +5 hand axe of the Dancing Enemy {antimagic,
                  | *Noise rC++ Will+++}
  7727 | D:7      | Found a flagged portal.
  7737 | Bailey   | Entered a bailey
  7806 | Bailey   | Learned a level 5 spell: Fireball
  8266 | Bailey   | Reached skill level 1 in Fire Magic
  8495 | Bailey   | Reached ** piety under Vehumet
  8565 | Bailey   | Noticed an orc knight
  8568 | Bailey   | Offered knowledge of Freeze by Vehumet.
  8569 | Bailey   | Noticed a water nymph
  8569 | Bailey   | an orc knight changed into a water nymph
  8571 | Bailey   | Killed a water nymph
  8572 | Bailey   | Reached skill level 5 in Fire Magic
  8572 | Bailey   | Noticed an orc knight
  8579 | Bailey   | Identified the ring "Waegasu" {Drain rC+++ MP+9 Str+5}
  8583 | Bailey   | Noticed a wind drake
  8583 | Bailey   | an orc knight changed into a wind drake
  8590 | Bailey   | Killed a wind drake
  8816 | Bailey   | Reached XP level 10. HP: 13/51 MP: 16/20
  9147 | Bailey   | Noticed an orc warlord
  9169 | Bailey   | Slain by an orc warlord

Illustrated notes

Levels and vault maps discovered:
D:1:      minmay_arrival_stone_box, layout_loops_ring, serial_shops, shop
D:2:      layout_rooms, ebering_ecumenical_altar_rust, kennysheep_generic_room_8
D:3:      layout_loops_cross, overflow_temple_1_default, gup_sewer_entry_glass,
          corexii_shack, kennysheep_generic_room_4, uniq_sigmund
D:4:      layout_loops_ring, lemuel_coloured_pillars_altar, nrook_mini_vaults,
          uniq_natasha
D:5:      layout_basic, grunt_temple_overflow_open,
          chequers_temple_overflow_statue_of_worship
D:6:      layout_basic, lightli_temple_of_fire, serial_shops, shop,
          uniq_prince_ribbit1
D:7:      layout_cave_pools, temple_green, enter_bailey_2, minmay_statues_item,
          serial_park_tiny_1
Bailey:   bailey_axe_minmay_hex_keep, bailey

Skill      XL: |  1  2  3  4  5  6  7  8  9 |
---------------+----------------------------+-----
Earth Magic    | 4 5 6 7 8 9 |  9.4
Spellcasting   | 3 4 5 6 |  6.8
Conjurations   | 1 2 4 6 7 |  7.3
Fire Magic     | 5 |  5.9
Fighting       | |  0.3
Maces & Flails | |  0.3
Armour         | |  0.3
Dodging        | |  1.6
Stealth        | |  2.1
Transmutations | |  0.7
Evocations     | |  0.2

Action                   |  1- 3 |  4- 6 |  7- 9 | 10-12 || total
-------------------------+-------+-------+-------+-------++-------
Melee: Short sword       |   123 |    51 |       |       ||   174
       Dagger            |       |    16 |   249 |    12 ||   277
 Cast: Sandblast         |    31 |    39 |    41 |       ||   111
       Stone Arrow       |     1 |     2 |    47 |       ||    50
       Lee's Rapid Decon |       |       |     8 |       ||     8
Evoke: Wand              |       |       |     9 |     5 ||    14
  Use: Scroll            |       |     4 |     7 |     2 ||    13
       Potion            |       |       |     3 |     2 ||     5
 Stab: Sleeping          |     4 |     5 |     2 |       ||    11
Armor: Robe              |    44 |    41 |   123 |     2 ||   210
Dodge: Dodged            |    80 |    55 |   187 |     8 ||   330

Table legend: (Time is in decaauts)
 A = Elapsed time spent in this place.
 B = Non-inter-level travel time spent in this place.
 C = Inter-level travel time spent in this place.
 D = Time resting spent in this place.
 E = Time spent auto-exploring this place.
 F = Levels seen in this place.
 G = Mean time per level.
                   A        B        C        D        E       F      G
               +--------+--------+--------+--------+--------+-----+--------+
         Total |   9203 |   8977 |    226 |   1952 |   5601 |   9 | 1022.6 |
       Dungeon |   7492 |   7266 |    226 |    749 |   5436 |   7 | 1070.3 |
         Sewer |    279 |    279 |      0 |    145 |     85 |   1 |  279.0 |
        Bailey |   1431 |   1431 |      0 |   1058 |     80 |   1 | 1431.0 |
               +--------+--------+--------+--------+--------+-----+--------+

Top non-repeatable levels by time:
     D:4: 1619 daAuts
     D:1: 1588 daAuts
  Bailey: 1431 daAuts
     D:5: 1406 daAuts
     D:6: 1175 daAuts
     D:3: 825 daAuts
     D:2: 596 daAuts
     D:7: 280 daAuts
   Sewer: 279 daAuts
